 Dungeon Crawl Stone Soup version 0.27-a0-1137-g3ef0f4ec91 (webtiles) character file.

Game seed: 12698287779678295301

29 kae the Slasher (level 3, 29/29 HPs)
             Began as a Demonspawn Abyssal Knight on May 6, 2021.
             Was a Follower of Lugonu.
             Quit the game on level 2 of the Dungeon.
             The game lasted 00:01:04 (1002 turns).

kae the Slasher (Demonspawn Abyssal Knight)         Turns: 1002, Time: 00:01:04

Health: 29/29      AC:  8    Str: 13    XL:     3   Next: 1%
Magic:  4/4        EV: 10    Int: 13    God:    Lugonu [*.....]
Gold:   105        SH:  0    Dex: 12    Spells: 2/2 levels left

rFire    . . .     SeeInvis .   a - +1 falchion
rCold    . . .     Faith    .   (no shield)
rNeg     . . .     Spirit   .   e - +0 ring mail
rPois    .         Reflect  .   (no helmet)
rElec    .         Harm     .   h - +2 cloak
rCorr    .         Rampage  .   (no gloves)
Will     .....                  (no boots)
Stlth    +.........             (no amulet)
HPRegen  0.09/turn              (no ring)
MPRegen  0.09/turn              (no ring)

@: no status effects
A: demonic guardian 1, demonic magic 1
a: Renounce Religion, Depart the Abyss


You were on level 2 of the Dungeon.
You worshipped Lugonu.
Lugonu was aware of your devotion.
You visited 1 branch of the dungeon, and saw 2 of its levels.
You visited the Abyss 1 time.

You collected 105 gold pieces.

Inventory:

Hand Weapons
 a - a +1 falchion (weapon)
Armour
 b - a +0 leather armour
 e - a +0 ring mail (worn)
 h - a +2 cloak (worn)
Scrolls
 g - a scroll of enchant armour
Potions
 c - a potion of invisibility {unknown}
 d - 2 potions of curing
 f - a potion of cancellation


   Skills:
 - Level 3.0 Fighting
 + Level 3.2 Long Blades
 - Level 1.7 Armour
 - Level 0.8 Dodging
 - Level 2.4 Invocations


You had 2 spell levels left.
You didn't know any spells.
Your spell library contained the following spells:

 Spells                   Type           Power      Damage    Failure   Level
 Corona                   Hex            0%         N/A       54%         1
 Ensorcelled Hibernation  Hex/Ice        0%         N/A       69%         2
 Confusing Touch          Hex            0%         N/A       89%         3
 Dazzling Flash           Conj/Hex       0%         N/A       89%         3
 Tukima's Dance           Hex            0%         N/A       89%         3


Dungeon Overview and Level Annotations

Branches:
Dungeon (2/15)

Altars:


Innate Abilities, Weirdness & Mutations

A weak demonic guardian rushes to your aid.
Spells you cast may paralyse adjacent enemies.


Message History

You hit the adder.
The adder is almost dead.
The adder bites you but does no damage.
An adder is nearby!
You hit the adder.
You kill the adder!
Lugonu accepts your kill.
Your Long Blades skill increases to level 3!
No target in view!
You see here an adder corpse.
You pick up a book of Maledictions and begin reading...
You add the spells Corona, Ensorcelled Hibernation, Confusing Touch, Tukima's Dance and Dazzling Flash to your library.
No target in view!
No target in view!
You now have 105 gold pieces (gained 11).
A dart slug comes into view.
The dart slug launches a dart at you.
The slug dart hits you but does no damage.
A dart slug is nearby!
The dart slug bites you but does no damage.
A dart slug is nearby!
A dart slug is nearby!
You slash the dart slug!
The dart slug is severely wounded.
You slash the dart slug!
You kill the dart slug!
Lugonu accepts your kill.
You have reached level 3!
Your experience leads to an increase in your attributes!
Increase (S)trength, (I)ntelligence, or (D)exterity?
You feel stronger.
Your demonic ancestry asserts itself...
You feel the presence of a demonic guardian.
Are you sure you want to abandon this character and quit the game? (Confirm with "yes".)
Okay, then.
Unknown command.
Unknown command.
Unknown command.
Unknown command.
Unknown command.
Are you sure you want to abandon this character and quit the game? (Confirm with "yes".)

#.# ##...## #.# #.#
##+## #.## #.# #.# #...
... ##.########## #.#
#........# #.#
######...####.#
.##.###...#.....###.####
..........##............
#@..##..#.###.####
##...##........#
#..........#####
##...###.### ##.## .#
### .# .# .# .#


There were no monsters in sight!

Vanquished Creatures
  An adder (D:2)
  A dart slug (D:2)
  2 ball pythons (D:1)
  3 bats (D:1)
  2 endoplasms (D:1)
  2 hobgoblins
  A quokka (D:2)
  2 frilled lizards (D:1)
  3 kobolds (D:1)
  2 rats (D:1)
19 creatures vanquished.

Vanquished Creatures (others)
  2 golden eyes (Abyss:1)
2 creatures vanquished.

Grand Total: 21 creatures vanquished

Notes
Turn   | Place    | Note
-------+----------+-------------------------------------------
     0 | Abyss:1  | kae the Demonspawn Abyssal Knight began the quest for the
                  | Orb.
     0 | Abyss:1  | Reached XP level 1. HP: 18/18 MP: 2/2
     4 | Abyss:1  | Found a corrupted altar of Lugonu.
     6 | Abyss:1  | Found a shadowy altar of Dithmenos.
    51 | Abyss:1  | Killed a golden eye
    55 | Abyss:1  | Noticed a golden eye
    59 | Abyss:1  | Killed a golden eye
   198 | Abyss:2  | Noticed an ancient zyme
   247 | Abyss:2  | Noticed an orange demon
   249 | Abyss:2  | Noticed a neqoxec
   250 | D:1      | Escaped the Abyss
   643 | D:1      | Gained mutation: Spells you cast may paralyse adjacent
                  | enemies. [demonic ancestry]
   643 | D:1      | Reached XP level 2. HP: 24/24 MP: 3/3
   687 | D:1      | Reached * piety under Lugonu
  1001 | D:2      | Gained mutation: A weak demonic guardian rushes to your
                  | aid. [demonic ancestry]
  1001 | D:2      | Reached XP level 3. HP: 29/29 MP: 4/4
  1002 | D:2      | Quit the game

Illustrated notes

Levels and vault maps discovered:
D:1:      lightli_arrival_flooded_house, layout_rooms, minivault_19
D:2:      layout_loops_corners, wad_floor_pattern_untrapped

Skill      XL: |  1  2 |
---------------+-------+-----
Long Blades    | 2 3 |  3.2
Fighting       | |  3.0
Armour         | |  1.7
Dodging        | |  0.8
Invocations    | |  2.4

Action                   || total
-------------------------++-------
Melee: Falchion          ||    39
Invok: Depart the Abyss  ||     1
  Use: Scroll            ||     5
Armor: Ring mail         ||    27
Dodge: Dodged            ||    21
       Rpst.: Falchion   ||     5

Table legend: (Time is in decaauts)
 A = Elapsed time spent in this place.
 B = Non-inter-level travel time spent in this place.
 C = Inter-level travel time spent in this place.
 D = Time resting spent in this place.
 E = Time spent auto-exploring this place.
 F = Levels seen in this place.
 G = Mean time per level.
                   A        B        C        D        E       F      G
               +--------+--------+--------+--------+--------+-----+--------+
         Total |   1008 |    975 |     33 |    100 |    680 |   4 |  252.0 |
       Dungeon |    758 |    725 |     33 |      0 |    600 |   2 |  379.0 |
         Abyss |    249 |    249 |      0 |    100 |     80 |   2 |  124.5 |
               +--------+--------+--------+--------+--------+-----+--------+

Top non-repeatable levels by time:
     D:1: 608 daAuts
 Abyss:1: 177 daAuts
     D:2: 150 daAuts
 Abyss:2: 72 daAuts
